 Dungeon Crawl Stone Soup version 0.28.0-53-g5a82cb258f (webtiles) character file.

Game seed: 3643509585060475610

23 Stomo the Ducker (level 2, -1/29 HPs)
             Began as a Troll Fighter on July 15, 2022.
             Killed from afar by Sigmund (8 damage)
             ... with a magic dart
             ... on level 2 of the Dungeon.
             The game lasted 00:00:35 (887 turns).

Stomo the Ducker (Troll Fighter)                     Turns: 887, Time: 00:00:36

Health: -1/29      AC:  4    Str: 23    XL:     2   Next: 75%
Magic:  1/1        EV:  8    Int:  4    God:
Gold:   23         SH:  7    Dex:  9    Spells: 1/1 levels left

rFire   . . .      SeeInvis .   a - +0 flail
rCold   . . .      Faith    .   c - +0 kite shield
rNeg    . . .      Spirit   .   b - +0 robe
rPois   .          Reflect  .   (helmet restricted)
rElec   .          Harm     .   (no cloak)
rCorr   .          Rampage  .   (gloves unavailable)
Will    .....                   (boots unavailable)
Stlth   +.........              (no amulet)
HPRegen 0.89/turn               (no ring)
MPRegen 0.07/turn               (no ring)

@: lethally poisoned (-1 -> -4)
A: large, unfitting armour, claws 3, regeneration 1, shaggy fur 1, tough skin 1
a: no special abilities


You were on level 2 of the Dungeon.
You visited 1 branch of the dungeon, and saw 2 of its levels.

You collected 23 gold pieces.

Inventory:

Hand Weapons
 a - a +0 flail (weapon)
Armour
 b - a +0 robe (worn)
 c - a +0 kite shield (worn)
Scrolls
 e - 2 scrolls of identify {unknown}
 f - a scroll of teleportation {unknown}
 g - a scroll of magic mapping {unknown}
 h - a scroll of holy word {unknown}
Potions
 d - a potion of might
 i - a potion of lignification {unknown}


   Skills:
 + Level 2.7 Fighting
 + Level 2.2 Maces & Flails
 + Level 2.7 Dodging
 - Level 2.4 Shields


You had one spell level left.
You didn't know any spells.
Your spell library contained the following spells:

 Spells                   Type           Power      Damage    Failure   Level
 Airstrike                Air            0%         N/A       100%        4
 Summon Lightning Spire   Summ/Air       0%         N/A       100%        4
 Lightning Bolt           Conj/Air       0%         1d11      100%        5


Dungeon Overview and Level Annotations

Branches:
Dungeon (2/15)

Altars:

Shops:
D:2 [

Annotations:
D:2 Sigmund


Innate Abilities, Weirdness & Mutations

You are too large for most types of armour.
You have claws for hands.
Your natural rate of healing is unusually fast.
You are covered in fur. (AC +1)
You have tough skin. (AC +1)


Message History

You hit the hobgoblin.
You kill the hobgoblin!
No target in view!
No target in view!
No target in view!
No target in view!
No target in view!
No target in view!
No target in view!
No target in view!
No target in view!
e - 2 scrolls labelled BIMOSA IKKO (gained 1) Sigmund the Dreaded comes into view.
He is wielding a +2 scythe of venom.
Sigmund shouts!
Sigmund hits you from afar with a +2 scythe of venom!
You are poisoned.
Sigmund is nearby!
Sigmund is nearby!
Sigmund is nearby!
You feel very sick.
You feel sick.
A kobold comes into view. It is wielding a +0 dagger.
You feel sick.
The kobold shouts!
You feel sick.
You feel sick.
You feel sick.
You feel sick.
You feel sick.
You feel sick.
You feel sick.
You are no longer poisoned.
Sigmund hits you from afar with a +2 scythe of venom.
You are poisoned.
You feel very sick.
You feel sick.
Sigmund says, "Your kind have come here before.
I understand now why.
You desire death..."
Sigmund gestures at you while chanting. The magic dart hits you!
You die...

#....# #.# #.
#.#### #.# #.
#.###.#######
#.#
#.....†......
#####.####...
#.# #.# # #.#
#.# .#### #.#
#.# .....
#@####.####.....
#.#...........
#.#.##.#...K#
#.#.##.##K#?#
#@#.##......#
#.........#.#
###.####### #
#.# #.#


You could see Sigmund.

Vanquished Creatures
  An adder (D:2)
  2 dart slugs
  2 goblins (D:1)
  2 hobgoblins
  A quokka (D:1)
  A ball python (D:1)
  A bat (D:2)
  A frilled lizard (D:1)
11 creatures vanquished.

Notes
Turn   | Place    | Note
-------+----------+-------------------------------------------
     0 | D:1      | Stomo the Troll Fighter began the quest for the Orb.
     0 | D:1      | Reached XP level 1. HP: 22/22 MP: 0/0
   447 | D:1      | Found a faded altar of an unknown god.
   543 | D:1      | Reached XP level 2. HP: 28/29 MP: 1/1
   780 | D:2      | Found Tuagog's Armour Shoppe.
   875 | D:2      | Noticed Sigmund
   887 | D:2      | Killed from afar by Sigmund

Illustrated notes

Levels and vault maps discovered:
D:1:      mrwooster_arrival_statue, layout_basic,
          shapermc_ecumenical_altar_pompeii
D:2:      layout_loops_ring, serial_shops, shop_statue, basic_altar,
          minmay_distorted, uniq_sigmund

Skill      XL: |  1 |
---------------+----+-----
Maces & Flails | 2 |  2.2
Fighting       | |  2.7
Dodging        | |  2.7
Shields        | |  2.4

Action                   || total
-------------------------++-------
Melee: Flail             ||    39
Armor: Robe              ||    18
Dodge: Dodged            ||    21
Block: Kite shield       ||    12
